 Dungeon Crawl Stone Soup version 0.27-a0-1548-gf8a67e7463 (webtiles) character file.

Game seed: 18057245517958980494

82 Demosthentine the Poker (level 4, -2/31 HPs)
             Began as a Merfolk Gladiator on July 14, 2021.
             Slain by Sigmund (10 damage)
             ... on level 2 of the Dungeon.
             The game lasted 00:01:59 (1740 turns).

Demosthentine the Poker (Merfolk Gladiator)         Turns: 1740, Time: 00:02:00

Health: -2/31      AC:  4    Str: 15    XL:     4   Next: 43%
Magic:  4/4        EV: 13    Int:  7    God:
Gold:   61         SH:  0    Dex: 15    Spells: 3/3 levels left

rFire    . . .     SeeInvis .   a - +0 trident
rCold    . . .     Faith    .   (no shield)
rNeg     . . .     Spirit   .   b - +0 leather armour
rPois    .         Reflect  .   c - +0 helmet
rElec    .         Harm     .   (no cloak)
rCorr    .         Rampage  .   (no gloves)
Will     .....                  (no boots)
Stlth    +.........             (no amulet)
HPRegen  0.10/turn              (no ring)
MPRegen  0.09/turn              (no ring)

@: mighty, lethally poisoned (-2 -> -16)
A: (nimble swimmer 2), mertail, frail 1, MP-powered wands
a: no special abilities


You were on level 2 of the Dungeon.
You visited 1 branch of the dungeon, and saw 2 of its levels.

You collected 61 gold pieces.

Inventory:

Hand Weapons
 a - a +0 trident (weapon)
Missiles
 d - 3 throwing nets (quivered)
Armour
 b - a +0 leather armour (worn)
 c - a +0 helmet (worn)
Scrolls
 e - a scroll of identify
 h - a scroll of teleportation {unknown}


   Skills:
 + Level 3.1 Fighting
 + Level 5.3 Polearms
 - Level 2.0 Throwing
 + Level 1.1 Armour
 + Level 4.8 Dodging


You had 3 spell levels left.
You didn't know any spells.
Your spell library contained the following spells:

 Spells                   Type           Power      Damage    Failure   Level
 Magic Dart               Conj           0%         1d3       50%         1
 Searing Ray              Conj           0%         3d3       65%         2
 Fulminant Prism          Conj/Hex       0%         3d6       99%         4


Dungeon Overview and Level Annotations

Branches:
Dungeon (2/15)

Altars:

Annotations:
D:2 Sigmund


Innate Abilities, Weirdness & Mutations

((You are quick and stealthy near water. (Stealth+, EV+, Speed+++)))
Your lower body shifts to a powerful aquatic tail in water.
You are frail. (-10% HP)
You expend magic power (3 MP) to strengthen your wands.


Message History

No target in view!
No target in view!
Found a hand axe.
A jackal comes into view.
A jackal comes into view.
You see here a +0 hand axe.
You reach to attack!
The jackal barks!
You hit the jackal.
The jackal is moderately wounded.
A jackal comes into view.
There are monsters nearby!
You hit the jackal.
The jackal is severely wounded.
The jackal closely misses you. The jackal barely misses you.
There are monsters nearby!
You miss the jackal.
The jackal is severely wounded.
Sigmund hits you from afar with a +1 scythe of venom!
You are poisoned.
The jackal misses you.
You puncture the jackal!
You kill the jackal!
You feel very sick.
Sigmund hits you from afar with a +1 scythe of venom.
You are lethally poisoned!
You are too injured to fight recklessly!
Unknown command.
Okay, then.
It was a potion of might.
You feel very mighty all of a sudden.
You feel very sick. Sigmund misses you.
It was a potion of mutation.
You feel extremely strange.
You feel frail.
You feel your magical essence link to the dungeon's wands.
* * * LOW HITPOINT WARNING * * *
You feel very sick.
Sigmund hits you from afar with a +1 scythe of venom!
You die...

.................
.##########.......###
....................
.........#..........
####..................
......................
#...............#..#
#...............#..#
#..@............#...
#.....##.........######....
#.....##@######.#######....
#.......h.@##.........#....
..........##.........#....
#.#...... #..............
#...... #..........####
#....# ###.#.#..#.#
#..<.#########.#.#..#.####


You could see Sigmund and a jackal.

Vanquished Creatures
  Jessica (D:2)
  An adder (D:2)
  2 worms (D:2)
  A dart slug (D:1)
  4 ball pythons (D:1)
  2 endoplasms (D:1)
  A giant cockroach (D:2)
  4 hobgoblins
  8 jackals
  2 quokkas
  2 bats
  6 frilled lizards (D:1)
  2 kobolds
  3 rats
39 creatures vanquished.

Notes
Turn   | Place    | Note
-------+----------+-------------------------------------------
     0 | D:1      | Demosthentine the Merfolk Gladiator began the quest for the
                  | Orb.
     0 | D:1      | Reached XP level 1. HP: 16/16 MP: 1/1
   162 | D:1      | Reached XP level 2. HP: 21/23 MP: 2/2
   686 | D:1      | Reached XP level 3. HP: 28/28 MP: 3/3
   924 | D:2      | Noticed Sigmund
  1259 | D:2      | Noticed Jessica
  1268 | D:2      | Killed Jessica
  1269 | D:2      | Reached skill level 5 in Polearms
  1269 | D:2      | Reached skill level 1 in Armour
  1269 | D:2      | Reached XP level 4. HP: 35/35 MP: 4/4
  1740 | D:2      | Gained mutation: You are frail. (-10% HP) [potion of
                  | mutation]
  1740 | D:2      | Gained mutation: You expend magic power (3 MP) to
                  | strengthen your wands. [potion of mutation]
  1740 | D:2      | Slain by Sigmund

Illustrated notes

Levels and vault maps discovered:
D:1:      roderic_crossed_star, layout_basic, minmay_lizard_pond
D:2:      layout_basic, uniq_sigmund, uniq_jessica

Skill      XL: |  1  2  3 |
---------------+----------+-----
Fighting       | 3 |  3.1
Polearms       | 5 |  5.3
Armour         | 1 |  1.1
Throwing       | |  2.0
Dodging        | |  4.8

Action                   |  1- 3 |  4- 6 || total
-------------------------+-------+-------++-------
Melee: Trident           |    94 |    28 ||   122
  Use: Scroll            |     2 |       ||     2
       Potion            |     1 |     2 ||     3
 Stab: Sleeping          |     1 |     1 ||     2
Armor: Leather armour    |    20 |     8 ||    28
Dodge: Dodged            |    63 |    17 ||    80

Table legend: (Time is in decaauts)
 A = Elapsed time spent in this place.
 B = Non-inter-level travel time spent in this place.
 C = Inter-level travel time spent in this place.
 D = Time resting spent in this place.
 E = Time spent auto-exploring this place.
 F = Levels seen in this place.
 G = Mean time per level.
                   A        B        C        D        E       F      G
               +--------+--------+--------+--------+--------+-----+--------+
         Total |   1746 |   1746 |      0 |    233 |   1196 |   2 |  873.0 |
       Dungeon |   1746 |   1746 |      0 |    233 |   1196 |   2 |  873.0 |
               +--------+--------+--------+--------+--------+-----+--------+

Top non-repeatable levels by time:
     D:1: 1240 daAuts
     D:2: 506 daAuts
